Map: Ascension vers Aïur EC

Players

zidar

  • Race: Zerg Zerg
  • League: Gold
  • Spawn Location: 5:00

Yann - Winner!

  • Race: Zerg Zerg
  • League: Gold
  • Spawn Location: 11:00

VOD

Have the link to the VOD?

Description

Time

  • Played on: July 7, 2017, noon
  • Length: 5:05
Show
View Real Time Build Order
Export as new Build Order

zidar Zerg 

Build Orders: Pool First 

Get SALT Encoding   

  12  0:12  Extractor, Drone  
  12  0:29  Spawning Pool  
  11  0:36  Drone  
  11  0:42  Overlord  
  12  0:54  Overlord  
  12  1:17  Queen  
  14  1:23  Metabolic Boost  
  14  1:34  Zergling x2  
  14  1:36  Zergling x2  
  16  1:43  Zergling x2  
  17  1:51  Zergling x2  
  18  2:03  Zergling x2  
  19  2:10  Zergling x2  
  20  2:22  Zergling x2  
  21  2:26  Zergling x6  
  22  2:53  Zergling x6  
  25  3:07  Hatchery  
  24  3:26  Drone x4  
  27  3:28  Queen  
  29  3:55  Baneling Nest  
  28  4:04  Spine Crawler  
  28  4:09  Spine Crawler  
  26  4:13  Spine Crawler  
  26  4:15  Spine Crawler  
  24  4:25  Zergling x6  
  24  4:26  Zergling x2  
  18  4:35  Zergling x2  
Show
View Real Time Build Order
Export as new Build Order

Yann Zerg - Winner!

Build Orders: 1 Base Baneling Bust, Pool First, Zergling Baneling 

Get SALT Encoding   

  12  0:01  Drone  
  13  0:09  Drone  
  13  0:13  Extractor  
  13  0:29  Spawning Pool  
  13  0:34  Drone  
  13  0:39  Drone  
  14  0:50  Extractor, Drone  
  14  0:55  Overlord  
  15  1:17  Queen  
  17  1:19  Metabolic Boost  
  17  1:28  Zergling x2  
  17  1:29  Zergling x2  
  17  1:32  Zergling x2  
  20  1:45  Baneling Nest  
  19  1:50  Overlord  
  19  2:07  Zergling x4  
  21  2:13  Zergling x2  
  22  2:32  Zergling x2  
  22  2:33  Zergling x6  
  26  3:00  Zergling x6  
  26  3:01  Zergling x2  
  30  3:19  Baneling x3  
  30  3:32  Baneling x5  
  30  3:48  Overlord x2  
  30  4:01  Hatchery  
  29  4:07  Baneling x4  
  29  4:08  Baneling x2  
  29  4:09  Zergling x2  
  30  4:12  Zergling x2  
  31  4:17  Zergling x2  
Tags
 
Add a new tag
Caveats
  • Supply blocks, unpowered buildings, or Contaminate may cause inaccurate times.
  • Supply counts are checked every 10 seconds.